 Dungeon Crawl Stone Soup version 0.31-a0-1206-g41278d8d1d (webtiles) character file.

Game seed: 2832168436190383767

3861 BubbleThief the Fighter (level 9, -1/81 HPs)
             Began as a Demonspawn Necromancer on Dec 14, 2023.
             Was a Believer of Kikubaaqudgha.
             Killed from afar by a steam dragon (13 damage)
             ... with a ball of steam
             ... on level 8 of the Dungeon.
             The game lasted 00:18:11 (9032 turns).

BubbleThief the Fighter (Demonspawn Necromancer)    Turns: 9032, Time: 00:18:11

Health: -1/81      AC:  4    Str:  8    XL:     9   Next: 99%
Magic:  2/13       EV: 17    Int: 17    God:    Kikubaaqudgha [**....]
Gold:   379        SH:  0    Dex: 17    Spells: 6/14 levels left

rFire   . . .        i - +0 rapier
rCold   . . .        (no shield)
rNeg    . . .        a - +0 robe
rPois   .            (no helmet)
rElec   .            (no cloak)
rCorr   .            x - +1 pair of gloves
SInv    +            (no boots)
Will    .....        (no amulet)
Stlth   ++           p - ring of see invisible
HPRegen 0.33/turn    q - ring of flight
MPRegen 0.13/turn

%: no passive effects
@: lethally poisoned (-1 -> -6), animating dead, flying
A: repulsion field 1, spiny 2, demonic touch 1
a: Renounce Religion, Unearth Wretches


You were on level 8 of the Dungeon.
You worshipped Kikubaaqudgha.
Kikubaaqudgha was pleased with you.
You visited 2 branches of the dungeon, and saw 9 of its levels.
You also visited: Bailey.

You collected 379 gold pieces.

Inventory:

Hand Weapons
 c - the +1 glaive of the Warrior {freeze, rElec rPois SInv}
   (You found it in a bailey)

   rElec:     It insulates you from electricity.
   rPois:     It protects you from poison SInv: It lets you see invisible.
 i - a +0 rapier (weapon)
Armour
 a - a +0 robe (worn)
 x - a +1 pair of gloves (worn)
Magical Staves
 v - a staff of earth
 z - a staff of cold
Jewellery
 p - a ring of see invisible (left hand)
 q - a ring of flight (right hand)
Scrolls
 b - a scroll of blinking
 d - a scroll of brand weapon {unknown}
 l - 2 scrolls of identify
 t - a scroll of vulnerability
 A - a scroll of fog
Potions
 e - 2 potions of attraction
 f - a potion of might
 j - 3 potions of heal wounds
 m - a potion of ambrosia
 r - 2 potions of brilliance
 w - a potion of cancellation


   Skills:
 + Level 11.3 Fighting
 + Level 6.5 Dodging
 - Level 1.7 Stealth
 - Level 3.0 Spellcasting
 - Level 7.0 Necromancy


You had 6 spell levels left.
You knew the following spells:

 Your Spells              Type           Power      Damage    Failure   Level
a - Necrotise             Necr           100%       1d9       1%          1
b - Vampiric Draining     Necr           26%        2d7       3%          3
c - Animate Dead          Necr           26%        N/A       10%         4

Your spell library contained the following spells:

 Spells                   Type           Power      Damage    Failure   Level
 Sublimation of Blood     Necr           26%        N/A       1%          2
 Cigotuvi's Dreadful Rot  Necr/Pois/Air  20%        N/A       10%         2
 Apportation              Tloc           4%         N/A       17%         1
 Freeze                   Ice            8%         1d3       17%         1
 Jinxbite                 Hex            4%         N/A       26%         2
 Scorch                   Fire           4%         2d5       26%         2
 Agony                    Necr           26%        N/A       26%         5
 Frozen Ramparts          Ice            4%         1d1       45%         3
 Hailstorm                Conj/Ice       2%         3d5       45%         3
 Flame Wave               Conj/Fire      2%         2d4       86%         4
 Alistair's Intoxication  Tmut/Pois      1%         N/A       99%         5
 Summon Forest            Summ/Tloc      1%         N/A       99%         5
 Summon Mana Viper        Hex/Summ       2%         N/A       99%         5
 Conjure Ball Lightning   Conj/Air       1%         3x3d6     100%        6
 Summon Cactus Giant      Summ           1%         N/A       100%        6
 Discord                  Hex            1%         N/A       100%        8
 Disjunction              Tloc           1%         N/A       100%        8


Dungeon Overview and Level Annotations

Branches:
Dungeon (8/15)             Temple (1/1) D:4          Bailey (visited)
   Lair: D:8-11

Altars:
Ashenzari
Cheibriados
Dithmenos
Fedhas
Gozag
Kikubaaqudgha
Makhleb
Nemelex Xobeh
Okawaru
Qazlal
Ru
Sif Muna
Trog
Vehumet
Wu Jian
Xom


Innate Abilities, Weirdness & Mutations

You are surrounded by a mild repulsion field. (EV +2)
You are mostly covered in sharp spines.
Your touch may inflict minor irresistible damage on your foes.


Message History

Kikubaaqudgha accepts your kill.
You feel life coursing into your body.
You feel sick. The water moccasin closely misses you.
The yak gores the water moccasin!
The water moccasin is struck by your spines.
The water moccasin completely misses you.
Unknown command.
Casting: Vampiric Draining (mildly dangerous; 3% risk of failure)
Confirm with . or Enter, or press ? or * to list all spells.
You don't have enough magic to cast this spell.
An orc priest comes into view. It is wielding a +0 club.
You feel sick.
The orc priest shouts!
You hear two shouts!
You hear an angry growl.
The water moccasin bites you.
You are more poisoned.
The water moccasin poisons you! The yak is struck by your spines.
The yak gores you!
The orc priest calls down the wrath of Beogh upon you.
Beogh smites you!
* * * LOW HITPOINT WARNING * * *
Okay, then.
You puncture the water moccasin!
You touch the water moccasin!
You kill the water moccasin!
Kikubaaqudgha accepts your kill.
You feel very sick.
Unknown command.
You catch the helpless yak completely off-guard!
You puncture the yak!
The yak is heavily wounded.
You feel very sick. The yak completely misses you.
The steam dragon barely misses you. The steam dragon misses you.
Unknown command.
You hit the yak.
The yak is heavily wounded.
You feel sick.
The yak seems less confused.
The yak gores you but does no damage. The steam dragon breathes steam at you.
The ball of steam hits you!
You die...
Kikubaaqudgha rasps: "You have failed me!
Welcome... death!"

#.# .# ## #.# .# #.. #.#
.# ... #†# ### .##.#
####.###.# #.# ....#
.........# #.# .o.
...#########.######.####..
#.## #....†.D........
#.#########.....@Y...#.#..
#...........#######.##
############# .# .# .# .#
.#


You could see a yak, a steam dragon (catching breath) and an orc priest.

Vanquished Creatures
  A komodo dragon (D:8)
  Psyche (D:8)
  3 water moccasins (D:8)
  3 orc warriors
  2 black bears
  2 ogres
  A centaur (D:7)
  A phantom (D:5)
  3 kobold brigands (Bailey)
  2 bullfrogs
  A wyvern zombie (D:6)
  4 scorpions
  4 wights (D:8)
  10 killer bees
  2 howler monkeys
  2 bullfrog zombies (D:6)
  A gnoll bouda (D:4)
  A jelly (D:4)
  2 orc priests
  5 hounds
  3 bullfrog skeletons (D:6)
  3 iguanas
  Natasha (twice) (D:3)
  3 orc wizards
  A killer bee zombie (D:6)
  A howler monkey zombie (D:6)
  9 gnolls
  8 adders
  2 white imps (D:6)
  6 ufetubi
  2 worms
  4 dart slugs
  31 orcs
  4 endoplasms
  6 giant cockroaches
  6 goblins
  13 hobgoblins
  11 jackals
  16 kobolds
  4 quokkas
  3 ball pythons
  3 bats
  2 frilled lizards (D:3)
  3 rats
197 creatures vanquished.

Vanquished Creatures (collateral kills)
  A killer bee (D:8)
  An adder (D:2)
  An orc (D:4)
3 creatures vanquished.

Vanquished Creatures (others)
  4 killer bee zombies (D:8)
  2 orc zombies
  12 kobold zombies (Bailey)
18 creatures vanquished.

Grand Total: 218 creatures vanquished

Notes
Turn   | Place    | Note
-------+----------+-------------------------------------------
     0 | D:1      | BubbleThief the Demonspawn Necromancer began the quest for
                  | the Orb.
     0 | D:1      | Reached XP level 1. HP: 13/13 MP: 3/3
   312 | D:1      | Gained mutation: Your touch may inflict minor irresistible
                  | damage on your foes. [demonic ancestry]
   312 | D:1      | Reached XP level 2. HP: 17/19 MP: 0/5
   589 | D:1      | Reached skill level 5 in Necromancy
   970 | D:2      | Reached XP level 3. HP: 12/24 MP: 0/6
  2646 | D:3      | Gained mutation: You are surrounded by a mild repulsion
                  | field. (EV +2) [demonic ancestry]
  2646 | D:3      | Reached XP level 4. HP: 30/30 MP: 4/8
  2944 | D:3      | Noticed Natasha
  2952 | D:3      | Killed Natasha
  3336 | D:3      | Noticed Natasha
  3378 | D:4      | Reached skill level 1 in Fighting
  3435 | D:4      | Gained mutation: You are partially covered in sharp spines.
                  | [demonic ancestry]
  3435 | D:4      | Reached XP level 5. HP: 37/37 MP: 3/9
  3513 | D:4      | Reached skill level 2 in Fighting
  3569 | D:3      | Killed Natasha
  3711 | D:4      | Noticed an ogre
  3718 | D:4      | Killed an ogre
  3719 | D:4      | Reached skill level 3 in Fighting
  3719 | D:4      | Reached XP level 6. HP: 16/47 MP: 3/10
  3842 | D:4      | Learned a level 3 spell: Vampiric Draining
  3847 | D:4      | Learned a level 4 spell: Animate Dead
  4295 | D:4      | Reached skill level 4 in Fighting
  5070 | D:4      | Found a staircase to the Ecumenical Temple.
  5079 | Temple   | Entered the Ecumenical Temple
  5111 | D:5      | Entered Level 5 of the Dungeon
  5120 | D:5      | Gained mutation: You are mostly covered in sharp spines.
                  | [demonic ancestry]
  5120 | D:5      | Reached XP level 7. HP: 55/55 MP: 6/11
  5487 | D:5      | Reached skill level 5 in Fighting
  5595 | D:5      | Reached skill level 6 in Fighting
  6199 | D:6      | Reached skill level 7 in Fighting
  6213 | D:6      | Reached XP level 8. HP: 65/67 MP: 10/12
  6244 | D:6      | Found an ancient bone altar of Kikubaaqudgha.
  6284 | D:6      | Became a worshipper of Kikubaaqudgha
  6500 | D:6      | Reached skill level 8 in Fighting
  6985 | D:6      | Reached skill level 9 in Fighting
  7125 | D:6      | Found a shadowy altar of Dithmenos.
  7126 | D:6      | Found a sparkling altar of Nemelex Xobeh.
  7245 | D:7      | Reached * piety under Kikubaaqudgha
  7245 | D:7      | Received a gift from Kikubaaqudgha
  7552 | D:7      | Found a shimmering altar of Xom.
  7553 | D:7      | Found a broken altar of Ashenzari.
  7553 | D:7      | Found a blossoming altar of Fedhas.
  7555 | D:7      | Found a shimmering blue altar of Sif Muna.
  7727 | D:7      | Reached XP level 9. HP: 73/78 MP: 6/13
  7738 | D:7      | Found a flagged portal.
  7749 | Bailey   | Entered a bailey
  7815 | Bailey   | Reached skill level 10 in Fighting
  8060 | Bailey   | Identified the +1 glaive of the Warrior {freeze, rElec
                  | rPois SInv}
  8114 | Bailey   | Noticed an orc knight
  8780 | D:8      | Reached skill level 5 in Dodging
  8915 | D:8      | Noticed a komodo dragon
  8927 | D:8      | Killed a komodo dragon
  8981 | D:8      | Noticed Psyche
  8983 | D:8      | Reached ** piety under Kikubaaqudgha
  8993 | D:8      | Killed Psyche
  8994 | D:8      | Reached skill level 11 in Fighting
  9032 | D:8      | Killed from afar by a steam dragon

Illustrated notes

Levels and vault maps discovered:
D:1:      dpeg_arrival_tiny_i, layout_loops_ring, serial_bayou_ford_a
D:2:      layout_basic, minmay_pentomino_w2
D:3:      minmay_wonky_spiral, layout_basic, uniq_natasha
D:4:      layout_loops_corners, temple_hall
D:5:      layout_basic
D:6:      layout_rooms, mainiacjoe_overflow_divided_tiny,
          mainiacjoe_overflow_alcove_4, serial_undead, serial_undead_d,
          serial_undead_c, serial_undead_e, serial_undead_b, serial_undead_a,
          serial_undead_f
D:7:      layout_loops_ring, chequers_temple_overflow_statue_of_worship,
          enter_bailey_4, minivault_23, kennysheep_decorative_pillar
D:8:      layout_loops_ring, tso_altar, due_lair_maze_entry_diamond,
          minmay_tree_intersection, uniq_erica, uniq_prince_ribbit1, uniq_psyche
Temple:   bh_familiar_temple

Skill      XL: |  1  2  3  4  5  6  7  8  9 |
---------------+----------------------------+-----
Necromancy     | 5 6 7 |  7.0
Spellcasting   | 3 |  3.0
Fighting       | 1 3 4 7 9 11 | 11.3
Dodging        | 3 6 |  6.5
Stealth        | |  1.7

Action                     |  1- 3 |  4- 6 |  7- 9 || total
---------------------------+-------+-------+-------++-------
  Melee: Dagger            |    17 |       |       ||    17
         Touch             |     1 |     1 |    25 ||    27
         Rapier            |     1 |     6 |   149 ||   156
         Punch             |       |     2 |     3 ||     5
         Unarmed           |       |       |    35 ||    35
   Cast: Necrotise         |    75 |   111 |    88 ||   274
         Vampiric Draining |       |       |    20 ||    20
         Animate Dead      |       |       |     6 ||     6
    Use: Scroll            |       |       |    16 ||    16
         Potion            |       |       |     5 ||     5
   Stab: Sleeping          |       |     1 |     4 ||     5
         Confused          |       |       |     2 ||     2
 Armour: Robe              |    14 |    23 |   125 ||   162
         Skin              |       |       |    17 ||    17
  Dodge: Dodged            |    19 |    28 |   236 ||   283

Table legend: (Time is in decaauts)
 A = Elapsed time spent in this place.
 B = Non-inter-level travel time spent in this place.
 C = Inter-level travel time spent in this place.
 D = Time resting spent in this place.
 E = Time spent auto-exploring this place.
 F = Levels seen in this place.
 G = Mean time per level.
                   A        B        C        D        E       F      G
               +--------+--------+--------+--------+--------+-----+--------+
         Total |   9065 |   8835 |    230 |    460 |   7070 |  10 |  906.5 |
       Dungeon |   8658 |   8428 |    230 |    273 |   6981 |   8 | 1082.2 |
        Temple |      1 |      1 |      0 |      0 |      0 |   1 |    1.0 |
        Bailey |    405 |    405 |      0 |    187 |     89 |   1 |  405.0 |
               +--------+--------+--------+--------+--------+-----+--------+

Top non-repeatable levels by time:
     D:4: 1623 daAuts
     D:3: 1316 daAuts
     D:5: 1265 daAuts
     D:2: 1145 daAuts
     D:7: 1106 daAuts
     D:1: 1030 daAuts
     D:6: 884 daAuts
  Bailey: 405 daAuts
     D:8: 285 daAuts
  Temple: 1 daAuts
